 Dungeon Crawl Stone Soup version 0.31-a0-978-g1e143483b6 (console) character file.

Game seed: 9183602841466693721

85155 petzl the Destroyer (level 16, -18/91 (115) HPs)
             Began as a Formicid Delver on Oct 30, 2023.
             Was a High Priest of Vehumet.
             Demolished by a +5 scimitar of freezing (28 damage)
             ... on level 3 of the Elven Halls on Nov 1, 2023.
             The game lasted 03:08:42 (31129 turns).

petzl the Destroyer (Formicid Delver)              Turns: 31129, Time: 03:08:43

HP:   -18/91 (115)  AC:  8    Str: 19    XL:     16   Next: 30%
MP:   29/32         EV: 14    Int: 18    God:    Vehumet [*****.]
Gold: 181           SH: 12    Dex: 20    Spells: 2/39 levels left

rFire   . . .        a - +0 longbow (drain)
rCold   + . .        C - +0 buckler
rNeg    . . .        L - +1 troll leather armour
rPois   .            (helmet unavailable)
rElec   .            G - scarf {rC+ rF+}
rCorr   .            l - +0 pair of gloves
SInv    +            (no boots)
Will    +++..        W - amulet of reflection
Stlth   +++++        T - ring of Xocvif {Drain Will+ Int+2 Dex+5 Stlth+}
HPRegen 1.15/turn    R - ring of wizardry
MPRegen 0.23/turn

%: reflection, wizardry (x1)
@: heavily drained
A: permanent stasis, dig shafts and tunnels, antennae 3, four strong arms,
iridescent scales 1, strong-willed 1, heat vulnerability 1
a: Dig, Shaft Self, Renounce Religion


You were on level 3 of the Elven Halls.
You worshipped Vehumet.
Vehumet was extremely pleased with you.
You visited 3 branches of the dungeon, and saw 20 of its levels.
You visited 1 bazaar.

You collected 1884 gold pieces.
You spent 1703 gold pieces at shops.

Inventory:

Hand Weapons
 a - a +0 longbow of draining (weapon)
 b - the +5 scimitar "Gicoak" {flame, rElec rC+ Will+ Int-3}
   (You bought it in a shop on level 7 of the Dungeon)

   Int-3:     It affects your intelligence (-3).
   rC+:       It protects you from cold.
   rElec:     It insulates you from electricity.
   Will+:     It increases your willpower.
 c - a +1 demon whip of venom
 x - a +2 mace of protection
Missiles
 r - 27 poisoned darts
 y - 5 javelins
 A - a curare-tipped dart
 Y - a throwing net
Armour
 d - a +0 leather armour of fire resistance
 l - a +0 pair of gloves (worn)
 C - a +0 buckler (worn)
 G - a scarf of resistance (worn)
 L - a +1 troll leather armour (worn)
Jewellery
 q - a ring of willpower
 F - a +5 ring of evasion
 R - a ring of wizardry (right hand)
 T - the ring of Xocvif (left hand) {Drain Will+ Int+2 Dex+5 Stlth+}
   (You bought it in a shop on level 2 of the Orcish Mines)

   [ring of willpower]

   Int+2:     It affects your intelligence (+2).
   Dex+5:     It affects your dexterity (+5).
   Will+:     It increases your willpower.
   Drain:     It drains your maximum health when unequipped.
   Stlth+:    It makes you more stealthy.
 W - an amulet of reflection (around neck)
 Z - a ring of ice
Wands
 f - a wand of digging (1)
 i - a wand of flame (21)
 H - a wand of roots (6)
 M - a wand of charming (21)
 P - a wand of polymorph (2)
 V - a wand of mindburst (6)
Scrolls
 e - 3 scrolls of fear
 g - 2 scrolls of poison
 h - a scroll of enchant weapon
 j - a scroll of silence
 k - a scroll of revelation
 u - a scroll of torment
 D - 3 scrolls of fog
Potions
 n - 4 potions of heal wounds
 o - 2 potions of haste {unknown}
 v - a potion of invisibility {unknown}
 w - 5 potions of brilliance
 z - 3 potions of enlightenment
 E - a potion of resistance {unknown}
 I - a potion of cancellation
 J - 2 potions of might
 Q - 6 potions of curing
Miscellaneous
 S - a lightning rod (4/4)


   Skills:
 - Level 7.3 Fighting
 - Level 2.0 Maces & Flails
 - Level 6.0 Ranged Weapons
 - Level 7.1 Armour
 - Level 5.2 Dodging
 - Level 8.0 Stealth
 - Level 9.0 Shields
 + Level 12.1 Spellcasting
 - Level 12.3 Conjurations
 + Level 4.6 Necromancy
 * Level 6.4 Translocations
 + Level 6.6 Fire Magic
 - Level 8.0 Ice Magic
 - Level 7.0 Air Magic
 - Level 3.9 Evocations


You had 2 spell levels left.
You knew the following spells:

 Your Spells              Type           Power      Damage    Failure   Level
a - Iskenderun's Mystic   Conj/Tloc      44%        2d10      1%          4
e - Plasma Beam           Fire/Air       17%        2x1d29    10%         6
l - Freezing Cloud        Conj/Ice/Air   21%        6-21      1%          5
o - Orb of Destruction    Conj           26%        9d9       5%          7
p - Passage of Golubria   Tloc           34%        N/A       2%          4
u - Sublimation of Blood  Necr           27%        N/A       1%          2
A - Ozocubu's Armour      Ice            39%        N/A       1%          3
C - Conjure Ball Lightni  Conj/Air       22%        3x3d6     3%          6

Your spell library contained the following spells:

 Spells                   Type           Power      Damage    Failure   Level
 Fireball                 Conj/Fire      22%        3d10      1%          5
 Apportation              Tloc           68%        N/A       1%          1
 Foxfire                  Conj/Fire      100%       2x1d9     1%          1
 Freeze                   Ice            100%       1d10      1%          1
 Kiss of Death            Conj/Necr      100%       2d13      1%          1
 Necrotise                Necr           100%       1d9       1%          1
 Cigotuvi's Dreadful Rot  Necr/Pois/Air  48%        N/A       1%          2
 Lesser Beckoning         Tloc           68%        N/A       1%          2
 Poisonous Vapours        Pois/Air       46%        N/A       1%          2
 Slow                     Hex            40%        N/A       3%          1
 Sting                    Tmut/Pois      40%        1d5       3%          1
 Summon Small Mammal      Summ           40%        N/A       3%          1
 Passwall                 Tmut/Erth      8%         N/A       5%          2
 Wereblood                Tmut           10%        N/A       5%          2
 Frozen Ramparts          Ice            78%        1d12      1%          3
 Gell's Gravitas          Tloc           34%        N/A       1%          3
 Hailstorm                Conj/Ice       47%        3d11      1%          3
 Ignite Poison            Fire/Tmut/Pois 18%        N/A       1%          3
 Teleport Other           Tloc           34%        N/A       1%          3
 Vampiric Draining        Necr           27%        2d7       1%          3
 Volatile Blastmotes      Fire/Tloc      68%        2d15      1%          3
 Fulminant Prism          Conj/Hex       16%        3d10      1%          4
 Arcjolt                  Conj/Air       22%        1d32      1%          5
 Irradiate                Conj/Tmut      16%        3d17      2%          5
 Dispel Undead            Necr           27%        3d13      5%          4
 Summon Lightning Spire   Summ/Air       23%        N/A       9%          4
 Olgreb's Toxic Radiance  Pois           10%        N/A       10%         4
 Call Canine Familiar     Summ           10%        N/A       11%         3
 Confusing Touch          Hex            10%        N/A       11%         3
 Sigil of Binding         Hex            10%        N/A       11%         3
 Summon Guardian Golem    Hex/Summ       10%        N/A       11%         3
 Silence                  Hex/Air        11%        N/A       22%         5
 Lee's Rapid Deconstruct  Erth           5%         3d6*      24%         5
 Ozocubu's Refrigeration  Ice            19%        4d11      26%         7
 Animate Armour           Summ/Erth      20%        N/A       32%         4
 Spellforged Servitor     Conj/Summ      16%        N/A       47%         7
 Summon Mana Viper        Hex/Summ       10%        N/A       65%         5
 Lehudib's Crystal Spear  Conj/Erth      16%        10d5      96%         8
 Summon Hydra             Summ           5%         N/A       100%        7
 Discord                  Hex            5%         N/A       100%        8
 Disjunction              Tloc           17%        N/A       100%        8
 Vhi's Electric Charge    Tloc/Air       Unusable   N/A       N/A         4

Dungeon Overview and Level Annotations

Branches:
Dungeon (15/15)            Temple (0/1) D:7            Lair (0/5) D:10
    Orc (2/2) D:10            Elf (3/3) Orc:2        Vaults (0/5) D:14
 Depths: D:15

Altars:
Elyvilon
Fedhas
Kikubaaqudgha
Nemelex Xobeh
Okawaru
Qazlal
Ru
Sif Muna
Trog
Uskayaw
Vehumet
Wu Jian
Xom

Shops:
D:7 (   Orc:2 (*=?   Elf:1 ?   Elf:2 :

Portals:
Pandemonium: Orc:2

Annotations:
D:9 2 transporters, Fodor's ghost, journeyman MiFi
Elf:1 exclusion: downstairs
Elf:2 3 runed translucent doors, exclusion: downstairs
Elf:3 Asterion


Innate Abilities, Weirdness & Mutations

You cannot be hasted, slowed, berserked, paralysed or teleported.
You can dig through walls and to a lower floor.
You have a pair of large antennae on your head. (SInv)
Your four strong arms can wield two-handed weapons with a shield.
You are partially covered in iridescent scales. (AC +2)
You are strong-willed. (Will+)
You are vulnerable to heat. (rF-)


Message History

Unknown command.
Unknown command.
Unknown command.
Unknown command.
Unknown command.
Unknown command.
Unknown command.
You feel better. The +5 scimitar of freezing hits you!
* * * LOW HITPOINT WARNING * * *
The +5 scimitar of freezing freezes you.
* * * LOW HITPOINT WARNING * * *
The +5 scimitar of freezing hits you!
* * * LOW HITPOINT WARNING * * *
The +5 scimitar of freezing freezes you.
* * * LOW HITPOINT WARNING * * *
Unknown command.
Unknown command.
Unknown command.
Unknown command.
Unknown command.
Unknown command.
Unknown command.
Unknown command.
Unknown command.
Unknown command.
Unknown command.
Okay, then.
Okay, then.
Okay, then.
Press: ? - help, v - describe, . - travel
Here: a +5 scimitar of freezing (moderately damaged)
The floor.
Okay, then.
Unknown command.
Unknown command.
You shoot an arrow.
The arrow closely misses the +5 scimitar of freezing.
The +5 scimitar of freezing barely misses you.
The +5 scimitar of freezing hits you!!
You die...

####### ######### ##.....##
#.......# ##.......## #.......#
##.........##
##.....############......<....#
.'.....'..........').......)..#
###....############..).......<#
##...+.# #...........#
##'##.#.## #...........#
#)##.....# ##.........##
.##.#)..#.##########@.......##
###.#...#.##.....##(##.....## #
#.#.⌠.# #.......'######'##
###)#...# #........# #.#
'.#.#...#.#.....^..# #.#
####.....##........# #.# #
###'###.......{.# #.# #
##.....#######...# #.#
.##.#####.##.⌠.##.## #.#
..#.......#.....##.# #.#
..)...⌠...'..<.⌠##e# #.#
..#.....{.#.^...##.# #.#
.##.#####.##.⌠.##.## #.# #
##.....#######.## ##'####
###'### #.{## #.....# ##.....##
#{## #.....# #.#...#.# #e#
##...## #.#...#.# #.# ##'...#
#.#.⌠.#.# #{# ##.##.##


You could see a +5 scimitar of freezing.

Vanquished Creatures
  Jorgrun (D:15)
  A deep elf blademaster (Elf:3)
  Gastronok (Orc:1)
  Roxanne (Elf:2)
  A deep elf sorcerer (Elf:3)
  A deep elf elementalist (Elf:3)
  A deep elf demonologist (Elf:3)
  2 deep elf annihilators (Elf:3)
  A deep elf death mage (Elf:3)
  2 deep elf high priests
  Erolcha (D:9)
  7 centaur warriors
  3 hydras
  2 demonspawn (Orc:2)
  Erica (D:10)
  2 boulder beetles
  5 dancing weapons
  3 two-headed ogres
  6 orc high priests
  5 deep elf knights (Elf:3)
  Amaemon (D:7)
  A sixfirhy (Orc:2)
  A glowing orange brain (D:14)
  5 deep elf archers
  5 orc knights
  12 deep elf zephyrmancers
  15 deep elf pyromancers
  6 orc sorcerers (Orc:2)
  8 cyclopes
  19 ugly things
  3 manticores
  A rust devil (Orc:2)
  Maurice (Orc:2)
  2 orange demons
  2 rime drakes (D:14)
  3 unseen horrors
  A komodo dragon (D:10)
  2 freezing wraiths
  A tengu conjurer (D:15)
  A red devil (Orc:2)
  An ice devil (Orc:2)
  6 trolls
  A hornet (D:9)
  2 raiju (D:10)
  Sigmund (D:3)
  A centaur simulacrum (D:14)
  4 water elementals
  21 yaks
  2 shadows
  An air elemental (Elf:3)
  5 wyverns
  A vampire (D:12)
  A fire elemental (Elf:3)
  4 wraiths
  3 basilisks (D:14)
  6 vampire mosquitoes
  A steam dragon (D:9)
  Menkaure (D:7)
  3 water moccasins
  2 wargs
  2 acid dragons
  Duvessa (D:4)
  A sky beast (D:6)
  3 ice beasts
  28 orc warriors
  3 black bears
  11 centaurs
  7 ogres
  A phantom (D:6)
  5 kobold brigands
  4 bullfrogs
  Blork the orc (D:5)
  2 gnoll sergeants
  An earth elemental (Elf:2)
  3 scorpions
  Dowan (D:4)
  9 killer bees
  A jelly (D:5)
  4 electric eels (D:10)
  3 howler monkeys
  5 hounds
  A gnoll bouda (D:5)
  28 orc priests
  4 sleepcaps
  Terence (D:2)
  3 iguanas
  Ijyb (D:4)
  2 hell rats (D:14)
  19 orc wizards
  Robin (D:4)
  17 gnolls
  8 adders
  A shadow imp (D:6)
  A white imp (D:6)
  2 ufetubi (D:6)
  2 dart slugs
  73 orcs
  10 endoplasms
  A giant cockroach (D:2)
  13 goblins
  13 hobgoblins
  A quokka (D:1)
  3 ball pythons
  3 bats
  5 frilled lizards
  20 kobolds
  7 rats
540 creatures vanquished.

Vanquished Creatures (collateral kills)
  3 ball lightnings (Elf:1)
3 creatures vanquished.

Vanquished Creatures (others)
  A peacekeeper (D:14)
  A yak (D:8)
  44 ball lightnings
  23 foxfires
69 creatures vanquished.

Grand Total: 612 creatures vanquished

Notes
Turn   | Place    | Note
-------+----------+-------------------------------------------
     0 | D:5      | petzl the Formicid Delver began the quest for the Orb.
     0 | D:5      | Reached XP level 1. HP: 18/18 MP: 1/1
     4 | D:6      | Noticed a water moccasin
    24 | D:4      | Found a stormy altar of Qazlal.
   230 | D:1      | Reached skill level 1 in Spellcasting
   253 | D:1      | Reached XP level 2. HP: 16/24 MP: 4/4
   868 | D:1      | Reached XP level 3. HP: 29/29 MP: 6/6
  1308 | D:2      | Found a faded altar of an unknown god.
  1633 | D:2      | Noticed Terence
  1674 | D:2      | You fall into a shaft and drop 1 floor!
  1801 | D:3      | Reached XP level 4. HP: 29/35 MP: 8/8
  1970 | D:2      | You fall into a shaft and drop 2 floors!
  1986 | D:4      | Noticed Ijyb
  2123 | D:4      | Killed Ijyb
  2257 | D:4      | Reached XP level 5. HP: 41/41 MP: 11/11
  2259 | D:4      | Noticed Dowan
  2260 | D:4      | Noticed Duvessa
  2273 | D:4      | Killed Dowan
  2274 | D:4      | Reached skill level 1 in Ranged Weapons
  2361 | D:3      | Reached XP level 6. HP: 48/48 MP: 12/12
  2386 | D:3      | Learned a level 3 spell: Hailstorm
  2392 | D:3      | Learned a level 5 spell: Freezing Cloud
  2449 | D:2      | Killed Terence
  2837 | D:3      | Noticed Sigmund
  3331 | D:4      | Found a hide-covered altar of Uskayaw.
  3362 | D:4      | You fall into a shaft and drop 3 floors!
  3382 | D:7      | Noticed an ice beast
  3476 | D:8      | Noticed a steam dragon
  3727 | D:7      | Reached skill level 1 in Conjurations
  3727 | D:7      | Reached skill level 1 in Ice Magic
  3727 | D:7      | Reached XP level 7. HP: 25/54 MP: 14/14
  4061 | D:4      | You fall into a shaft and drop 3 floors!
  4157 | D:4      | Reached skill level 1 in Evocations
  4179 | D:4      | You fall into a shaft and drop 1 floor!
  4374 | D:5      | Reached skill level 1 in Air Magic
  4690 | D:4      | Learned a level 1 spell: Freeze
  4756 | D:4      | Found an ornate altar of the Wu Jian Council.
  4757 | D:4      | Noticed Robin
  4820 | D:4      | Found a white marble altar of Elyvilon.
  4820 | D:4      | Found a sacrificial altar of Ru.
  5180 | D:4      | Reached skill level 5 in Spellcasting
  5180 | D:4      | Reached XP level 8. HP: 61/61 MP: 15/15
  5413 | D:5      | You fall into a shaft and drop 3 floors!
  5535 | D:9      | Found a radiant altar of Vehumet.
  5606 | D:9      | Became a worshipper of Vehumet
  5629 | D:9      | Noticed a troll
  5631 | D:9      | Noticed a yak
  5631 | D:9      | Noticed a yak
  5633 | D:9      | Noticed a yak
  5633 | D:9      | Noticed a yak
  5633 | D:9      | Noticed a yak
  5634 | D:9      | Noticed a yak
  5657 | D:8      | Learned a level 3 spell: Ozocubu's Armour
  5667 | D:7      | Noticed Menkaure
  6083 | D:6      | Found a blossoming altar of Fedhas.
  6194 | D:5      | Noticed Blork the orc
  6322 | D:4      | Found a sparkling altar of Nemelex Xobeh.
  6372 | D:4      | Killed Robin
  6449 | D:5      | Found an iron altar of Okawaru.
  6910 | D:5      | You fall into a shaft and drop 1 floor!
  7253 | D:4      | You fall into a shaft and drop 1 floor!
  7307 | D:6      | Reached skill level 5 in Fighting
  7494 | D:6      | Reached * piety under Vehumet
  7494 | D:6      | Offered knowledge of Foxfire by Vehumet.
  7548 | D:6      | Learned a level 1 spell: Foxfire
  8028 | D:4      | Reached XP level 9. HP: 47/68 MP: 17/17
  8114 | D:4      | Reached skill level 1 in Armour
  8419 | D:4      | You fall into a shaft and drop 1 floor!
  8838 | D:5      | Killed Blork the orc
  9201 | D:6      | Reached skill level 1 in Shields
 10026 | D:7      | Found Nof Toch's Antique Weapon Shoppe.
 10041 | D:7      | Bought a scorched scimitar for 144 gold pieces
 10041 | D:7      | Identified the +5 scimitar "Gicoak" {flame, rElec rC+ Will+
                  | Int-3} (You bought it in a shop on level 7 of the Dungeon)
 10178 | D:7      | Killed Menkaure
 10407 | D:7      | Reached XP level 10. HP: 64/74 MP: 16/19
 10466 | D:7      | Reached skill level 5 in Ranged Weapons
 10466 | D:7      | Reached skill level 5 in Ice Magic
 10625 | D:8      | Noticed Amaemon
 10647 | D:7      | Found a staircase to the Ecumenical Temple.
 10959 | D:8      | Reached ** piety under Vehumet
 10959 | D:8      | Offered knowledge of Shock by Vehumet.
 10993 | D:8      | Noticed an orange demon
 11029 | D:7      | Killed Amaemon
 11035 | D:7      | Gained mutation: You are vulnerable to heat. (rF-) [potion
                  | of mutation]
 11035 | D:7      | Gained mutation: You are partially covered in iridescent
                  | scales. (AC +2) [potion of mutation]
 11035 | D:7      | Gained mutation: You are strong-willed. (Will+) [potion of
                  | mutation]
 11197 | D:8      | Killed an orange demon
 11430 | D:9      | Reached skill level 5 in Conjurations
 11939 | D:9      | Noticed Erolcha
 12039 | D:9      | Found a transporter.
 12098 | D:8      | Found an ancient bone altar of Kikubaaqudgha.
 12738 | D:3      | Killed Sigmund
 12936 | D:4      | Found an ornate altar of the Wu Jian Council.
 12937 | D:4      | Found a sparkling altar of Nemelex Xobeh.
 12993 | D:4      | Found a stormy altar of Qazlal.
 12993 | D:4      | Found a sacrificial altar of Ru.
 12996 | D:4      | Found a white marble altar of Elyvilon.
 13183 | D:4      | Found a hide-covered altar of Uskayaw.
 13421 | D:4      | Killed Duvessa
 13700 | D:8      | Reached skill level 5 in Air Magic
 13704 | D:8      | Reached XP level 11. HP: 60/79 MP: 3/21
 13739 | D:7      | You fall into a shaft and drop 2 floors!
 13874 | D:10     | Entered Level 10 of the Dungeon
 14337 | D:9      | Killed Erolcha
 14337 | D:9      | Offered knowledge of Volatile Blastmotes by Vehumet.
 14589 | D:10     | Reached skill level 5 in Shields
 14878 | D:10     | Noticed Erica
 14889 | D:10     | You fall into a shaft and drop 2 floors!
 15120 | D:11     | Identified a scroll of acquirement
 15121 | D:11     | Acquired a book of Blasting
 15128 | D:11     | Learned a level 4 spell: Iskenderun's Mystic Blast
 15283 | D:10     | Reached *** piety under Vehumet
 15373 | D:10     | Reached skill level 1 in Translocations
 15611 | D:10     | Found a staircase to the Lair.
 15824 | D:10     | Killed Erica
 16176 | D:9      | Found a transporter.
 16180 | D:9      | Noticed a tengu warrior
 16181 | D:9      | Found a bloodstained altar of Trog.
 16181 | D:9      | Noticed a two-headed ogre
 16181 | D:9      | Noticed Fodor's ghost (journeyman MiFi)
 16182 | D:9      | Noticed a two-headed ogre
 16183 | D:9      | Noticed a moth of wrath
 16203 | D:9      | Offered knowledge of Airstrike by Vehumet.
 16297 | D:9      | Reached XP level 12. HP: 83/86 MP: 12/23
 17036 | D:10     | Found a staircase to the Orcish Mines.
 17047 | Orc:1    | Entered Level 1 of the Orcish Mines
 17260 | Orc:1    | Noticed Gastronok
 17276 | Orc:1    | Killed Gastronok
 17276 | Orc:1    | Reached **** piety under Vehumet
 17420 | Orc:1    | Offered knowledge of Flame Wave by Vehumet.
 17684 | Orc:1    | Noticed an orc high priest
 17692 | Orc:1    | Killed an orc high priest
 18087 | Orc:2    | Entered Level 2 of the Orcish Mines
 18281 | Orc:2    | Noticed Maurice
 18304 | Orc:2    | Killed Maurice
 18622 | Orc:2    | Found a staircase to the Elven Halls.
 18972 | Orc:2    | Found Ampeogho's Magic Scroll Shoppe.
 18973 | Orc:2    | Reached ***** piety under Vehumet
 18975 | Orc:2    | Offered knowledge of Plasma Beam by Vehumet.
 19081 | Orc:2    | Found Ymauruati's General Store.
 19170 | Orc:2    | Reached XP level 13. HP: 91/91 MP: 6/25
 19273 | Orc:2    | Reached skill level 1 in Fire Magic
 19477 | Orc:2    | Bought a scroll of identify for 24 gold pieces
 19857 | Orc:2    | Learned a level 6 spell: Plasma Beam
 19864 | Orc:2    | Learned a level 6 spell: Conjure Ball Lightning
 20224 | Orc:2    | Noticed a demonspawn
 20232 | Orc:2    | Killed a demonspawn
 20339 | Orc:2    | Noticed a demonspawn
 20349 | Orc:2    | Killed a demonspawn
 20607 | Orc:2    | Found Sifuu's Antique Weapon Boutique.
 20607 | Orc:2    | Found Huapp's Jewellery Shop.
 20607 | Orc:2    | Found a one-way gate leading to the halls of Pandemonium.
 20619 | Orc:2    | Bought a ring of wizardry for 420 gold pieces
 20619 | Orc:2    | Bought the ring of Xocvif {Drain Will+ Int+2 Dex+5 Stlth+}
                  | for 614 gold pieces
 20835 | Vaults:5 | Identified the of Fomiunye
 20835 | Crypt:3  | Identified the "Puosch"
 20835 | WizLab   | Identified the "Xoec"
 20835 | WizLab   | Identified the "Qyloz"
 20835 | WizLab   | Identified the "Xideap"
 20835 | Elf:1    | Identified the "Ankej"
 20835 | Elf:1    | Entered Level 1 of the Elven Halls
 20905 | Elf:1    | Noticed a deep elf high priest
 20916 | Elf:1    | Killed a deep elf high priest
 21065 | Elf:1    | Reached skill level 10 in Conjurations
 21171 | Elf:1    | Reached XP level 14. HP: 97/99 MP: 24/27
 21360 | Elf:1    | Found a flickering gateway to a bazaar.
 21440 | Bazaar   | Entered a bazaar
 21454 | Bazaar   | Found Ojoic's Weapon Shoppe.
 21454 | Bazaar   | Found Laolam's Jewellery Emporium.
 21475 | Bazaar   | Found Hekouzoaz's Book Emporium.
 21525 | Bazaar   | Found Ifiboef's Antique Weapon Shoppe.
 21525 | Bazaar   | Found Tucan's Assorted Antiques.
 21558 | Bazaar   | Bought a scroll labelled TOWKISCH HUACO for 37 gold pieces
 21749 | Elf:1    | Found Caeri's Magic Scroll Shoppe.
 21757 | Elf:1    | Bought a scroll of identify for 32 gold pieces
 21757 | Elf:1    | Bought a scroll of identify for 32 gold pieces
 21867 | Elf:1    | Reached skill level 5 in Armour
 22417 | Elf:2    | Noticed Roxanne
 22626 | D:11     | Identified the +1 leather armour of Sloth {Will+ Str+2}
 22935 | D:11     | Found a transporter.
 24157 | D:12     | Reached skill level 10 in Spellcasting
 24499 | D:12     | Learned a level 7 spell: Orb of Destruction
 25997 | D:14     | Offered knowledge of Fireball by Vehumet.
 26061 | D:14     | Found a gate to the Vaults.
 26071 | D:14     | Reached XP level 15. HP: 98/106 MP: 19/29
 26745 | D:14     | Learned a level 2 spell: Sublimation of Blood
 26825 | D:14     | Found a shimmering blue altar of Sif Muna.
 27342 | D:15     | Entered Level 15 of the Dungeon
 27401 | D:15     | Reached skill level 5 in Fire Magic
 27408 | D:15     | Noticed Jorgrun
 27841 | D:15     | Found a shimmering altar of Xom.
 28088 | D:15     | Killed Jorgrun
 28408 | D:13     | Reached skill level 5 in Dodging
 28710 | Elf:2    | Found a runed translucent gate.
 28711 | Elf:2    | Found a runed translucent gate.
 28711 | Elf:2    | Found a runed translucent gate.
 28916 | Elf:3    | Identified the "Quthithre"
 28916 | Elf:3    | Entered Level 3 of the Elven Halls
 29237 | Elf:2    | Found Jaihioryse's Book Shoppe.
 29249 | Elf:2    | Bought a book of the Moon for 400 gold pieces
 29254 | Elf:2    | Learned a level 4 spell: Passage of Golubria
 29647 | Elf:2    | Killed Roxanne
 29648 | Elf:2    | Reached skill level 5 in Translocations
 29857 | Elf:3    | Reached skill level 1 in Necromancy
 29926 | Elf:3    | Noticed a deep elf sorcerer
 29929 | Elf:3    | Killed a deep elf sorcerer
 30248 | Elf:3    | Reached XP level 16. HP: 83/115 MP: 26/31
 30670 | Elf:3    | Noticed Asterion
 30938 | Elf:3    | Noticed a deep elf blademaster
 30950 | Elf:3    | Killed a deep elf blademaster
 31097 | Elf:3    | Noticed a deep elf master archer
 31098 | Elf:3    | Identified the +4 short sword "petzl's Curse" {flame, Int+3
                  | Dex+3}
 31129 | Elf:3    | Demolished by a +5 scimitar of freezing

Illustrated notes

Levels and vault maps discovered:
D:1:      eino_arrival_water_cross, layout_basic, minmay_tromino_i2
D:2:      layout_basic, hellmonk_ecumenical_altar_inner_sanctum, uniq_terence
D:3:      layout_loops_ring, kennysheep_generic_room_14, uniq_sigmund
D:4:      layout_basic, nicolae_uskayaw_dance_hall,
          nicolae_overflow_hidden_temple, uniq_ijyb, uniq_robin, uniq_duvessa
D:5:      layout_basic, mainiacjoe_overflow_alcove_4, minmay_small_thing,
          uniq_blork_the_orc
D:6:      layout_basic, fedhas_ov_isle_minmay
D:7:      layout_basic, temple_statues, serial_shops, shop, enter_bailey_6,
          uniq_menkaure
D:8:      layout_rooms, overflow_temple_1_default, uniq_amaemon
D:9:      layout_basic, vehumet_crystals, gammafunk_ghost_wrathful_warriors,
          uniq_erolcha
D:10:     layout_long_grid, lair_entry_dummy,
          kennysheep_orc_monster_closet_entryway, nicolae_have_a_lightning_rod,
          uniq_erica
D:11:     layout_cave_pools, nicolae_diode_basic
D:12:     layout_layer_cave
D:13:     layout_rooms, kennysheep_generic_room_3
D:14:     layout_loops_corners, hellmonk_vaults_order_and_chaos, special_room
          [special_room_mythical_zoo], nicolae_sif_muna_condensation
D:15:     gammafunk_enter_depths_forms, layout_long_grid,
          dreamdust_princess_bridge, minmay_ruined_shrine, uniq_jorgrun
Orc:1:    layout_caves, serial_shops, uniq_gastronok
Orc:2:    pf_orc_diabolical, layout_diamond_mine, nicolae_orc_lava_room,
          uniq_maurice
Elf:1:    layout_onion_city, serial_shops, bzr_in_the_mist,
          nicolae_shop_tiny_statue_garden, kennysheep_underground_church
Elf:2:    nicolae_elf_blades_crystal_corner, layout_rooms, serial_shops,
          nicolae_shop_tiny_glass, ebering_dispersal_statue_hall, uniq_roxanne,
          uniq_aizul
Elf:3:    minmay_elf_hall_spiked, layout_geoelf_diagonals, grunt_megastairs_1,
          uniq_asterion

Skill      XL: |  1  2  3  4  5  6  7  8  9 10 11 12 13 14 15 16 |
---------------+-------------------------------------------------+-----
Spellcasting   | 1 2 3 4 5 6 7 8 9 10 11 12 | 12.1
Ranged Weapons | 2 3 4 5 6 |  6.0
Fighting       | 4 5 6 7 |  7.3
Conjurations   | 1 2 4 5 7 8 10 12 | 12.3
Ice Magic      | 1 3 4 6 7 8 |  8.0
Evocations     | 1 2 3 |  3.9
Air Magic      | 1 2 3 5 6 7 |  7.0
Dodging        | 2 3 4 5 |  5.2
Armour         | 2 4 6 7 |  7.1
Shields        | 2 4 6 8 9 |  9.0
Translocations | 2 4 5 6 |  6.4
Fire Magic     | 3 6 |  6.6
Stealth        | 7 8 |  8.0
Necromancy     | 2 4 |  4.6
Maces & Flails | |  2.0

Action                     |  1- 3 |  4- 6 |  7- 9 | 10-12 | 13-15 | 16-18 || total
---------------------------+-------+-------+-------+-------+-------+-------++-------
  Melee: Mace              |   112 |    56 |       |       |       |       ||   168
         Quarterstaff      |       |    21 |   205 |       |       |       ||   226
         Punch             |       |       |     1 |       |       |       ||     1
         Scimitar          |       |       |    28 |   158 |    44 |     6 ||   236
         Demon whip        |       |       |       |    39 |       |       ||    39
   Fire: Longbow           |       |    59 |   124 |   284 |   201 |    12 ||   680
  Throw: Dart              |       |     2 |    17 |     8 |     3 |     1 ||    31
   Cast: Foxfire           |       |       |    22 |     2 |       |       ||    24
         Freeze            |       |       |    12 |       |       |       ||    12
         Ozocubu's Armour  |       |       |    14 |     9 |     3 |       ||    26
         Hailstorm         |       |       |     1 |    37 |     2 |       ||    40
         Freezing Cloud    |       |       |       |    81 |   148 |    13 ||   242
         Iskenderun's Myst |       |       |       |     4 |    30 |     1 ||    35
         Conjure Ball Ligh |       |       |       |       |    15 |     4 ||    19
         Orb of Destructio |       |       |       |       |    31 |     4 ||    35
         Plasma Beam       |       |       |       |       |     7 |     2 ||     9
         Sublimation of Bl |       |       |       |       |     3 |       ||     3
         Passage of Golubr |       |       |       |       |       |     6 ||     6
Ability: Shaft Self        |     1 |     2 |     6 |     2 |       |       ||    11
         Dig               |       |     1 |     9 |     5 |    11 |     3 ||    29
  Evoke: Wand              |       |     1 |    30 |     3 |     6 |       ||    40
         Lightning rod     |       |       |       |       |     2 |       ||     2
    Use: Potion            |       |     2 |       |     5 |     3 |     2 ||    12
         Scroll            |       |     1 |     6 |     7 |    13 |       ||    27
   Stab: Sleeping          |     7 |       |       |     1 |       |       ||     8
 Armour: Leather armour    |     4 |       |       |       |       |       ||     4
         Ring mail         |    63 |    70 |   313 |   190 |       |       ||   636
         Troll leather arm |       |       |       |    49 |   146 |    29 ||   224
         Skin              |       |       |       |       |     5 |       ||     5
  Dodge: Dodged            |    65 |    55 |   243 |   272 |    77 |     8 ||   720
  Block: Buckler           |       |       |    23 |    94 |    83 |    17 ||   217
         Reflection        |       |       |       |       |    15 |     2 ||    17

Table legend: (Time is in decaauts)
 A = Elapsed time spent in this place.
 B = Non-inter-level travel time spent in this place.
 C = Inter-level travel time spent in this place.
 D = Time resting spent in this place.
 E = Time spent auto-exploring this place.
 F = Levels seen in this place.
 G = Mean time per level.
                   A        B        C        D        E       F      G
               +--------+--------+--------+--------+--------+-----+--------+
         Total |  31644 |  29125 |   2519 |   9765 |   9277 |  21 | 1506.9 |
       Dungeon |  23785 |  21979 |   1806 |   7316 |   7505 |  15 | 1585.7 |
  Orcish Mines |   3647 |   3353 |    294 |   1342 |    759 |   2 | 1823.5 |
   Elven Halls |   4068 |   3650 |    418 |   1106 |   1001 |   3 | 1356.0 |
        Bazaar |    142 |    142 |      0 |      0 |     12 |   1 |  142.0 |
               +--------+--------+--------+--------+--------+-----+--------+

Top non-repeatable levels by time:
   Orc:2: 2998 daAuts
     D:4: 2716 daAuts
    D:10: 2483 daAuts
     D:6: 2337 daAuts
    D:14: 2262 daAuts
     D:7: 1952 daAuts
     D:5: 1843 daAuts
    D:12: 1634 daAuts
     D:3: 1569 daAuts
     D:9: 1527 daAuts
   Elf:1: 1468 daAuts
     D:8: 1347 daAuts
   Elf:3: 1320 daAuts
   Elf:2: 1279 daAuts
     D:2: 1079 daAuts
